 Dungeon Crawl Stone Soup version 0.27-a0-1312-g5cdb2b3542 (webtiles) character file.

Game seed: 11318978992510957627

76948 porpoise the Severer (level 15, -3/138 HPs)
             Began as a Minotaur Berserker on June 20, 2021.
             Was the Champion of Trog.
             Slain by an enormous slime creature (43 damage)
             ... on level 14 of the Dungeon.
             The game lasted 01:19:35 (29471 turns).

porpoise the Severer (Minotaur Berserker)          Turns: 29471, Time: 01:19:35

Health: -3/138     AC: 23    Str: 25    XL:     15   Next: 13%
Magic:  3/23       EV: 15    Int:  5    God:    Trog [******]
Gold:   1099       SH: 15    Dex: 18    Spells: 14/14 levels left

rFire    . . .     SeeInvis +   a - +2 broad axe (freeze)
rCold    + + .     Faith    .   J - +0 kite shield
rNeg     . . .     Spirit   .   p - +7 Kryia's mail coat {PotionHeal*2 rC+}
rPois    .         Reflect  .   h - +2 hat {SInv}
rElec    .         Harm     .   M - +0 cloak {rC+}
rCorr    .         Rampage  .   P - +0 pair of gloves
Will     +....                  w - +2 pair of boots
Stlth    ..........             Y - amulet of regeneration
HPRegen  1.33/turn              T - ring of magical power
MPRegen  0.18/turn              X - +6 ring of dexterity

@: mighty, on berserk cooldown, hasted and slowed
A: horns 2, retaliatory headbutt
a: Renounce Religion, Berserk, Trog's Hand, Brothers in Arms


You were on level 14 of the Dungeon.
You worshipped Trog.
Trog was exalted by your worship.
You visited 2 branches of the dungeon, and saw 19 of its levels.
You also visited: Ossuary and Ice Cave.

You collected 1385 gold pieces.
You spent 286 gold pieces at shops.

Inventory:

Hand Weapons
 a - a +2 broad axe of freezing (weapon)
 b - a +1 hunting sling of freezing
 i - a +4 broad axe
 s - a +3 longbow of flaming
 C - a +5 morningstar
Missiles
 k - 293 arrows
 l - 24 poisoned darts (quivered)
 n - 22 stones
 u - 147 sling bullets
 v - 94 bolts
 x - 8 datura-tipped darts
 A - 8 curare-tipped darts
Armour
 h - a +2 hat of see invisible (worn)
 p - the +7 Kryia's mail coat (worn) {PotionHeal*2 rC+}
   (You found it on level 4 of the Dungeon)

   It protects you from cold.
 w - a +2 pair of boots (worn)
 J - a +0 kite shield (worn)
 M - a +0 cloak of cold resistance (worn)
 P - a +0 pair of gloves (worn)
Jewellery
 H - a ring of flight
 T - a ring of magical power (left hand)
 X - a +6 ring of dexterity (right hand)
 Y - an amulet of regeneration (around neck)
Wands
 g - a wand of charming (8)
 t - a wand of paralysis (6)
 y - a wand of flame (62)
 E - a wand of acid (2)
 G - a wand of polymorph (5)
 Q - a wand of iceblast (25)
 R - a wand of digging (10)
Scrolls
 c - 7 scrolls of teleportation
 d - 2 scrolls of vulnerability
 j - 4 scrolls of identify
 r - a scroll of enchant armour
 B - 3 scrolls of fear
 F - 6 scrolls of fog
 N - 2 scrolls of blinking
Potions
 e - 5 potions of haste
 f - 3 potions of ambrosia
 m - 9 potions of curing
 o - 4 potions of heal wounds
 q - 3 potions of resistance
 z - 4 potions of lignification
 K - a potion of might
 S - 2 potions of flight


   Skills:
 - Level 14.0 Fighting
 + Level 18.5 Axes
 - Level 9.0 Armour
 + Level 9.2 Dodging
 - Level 15.0 Shields
 - Level 7.0 Evocations


You had 14 spell levels left.
You didn't know any spells.
Your spell library was empty.

Dungeon Overview and Level Annotations

Branches:
Dungeon (14/15)            Temple (0/1) D:7            Lair (5/6) D:10
 Shoals (0/4) Lair:2        Snake (0/4) Lair:2          Orc (0/2) D:11
 Vaults (0/5) D:14        Ossuary (visited)           IceCv (visited)
  Slime: Lair:5-6

Altars:
Cheibriados
Dithmenos
Fedhas
Nemelex Xobeh
Okawaru
Qazlal
Ru
Vehumet
Xom
Zin

Shops:
D:10 **

Annotations:
D:7 2 transporters rPois, bande's ghost, novice GrFi
Lair:1 rcorr, exclusion: 2 oklob plants


Innate Abilities, Weirdness & Mutations

You have a pair of horns on your head.
You reflexively headbutt those who attack you in melee.


Message History

You feel your anger nearly subside. 2 slime creatures come into view.
You are no longer berserk.
You are exhausted.
You feel yourself slow down.
Two slime creatures merge to form a large slime creature.
The slime creature hits you.
You see here 17 gold pieces.
You hit the slime creature. You freeze the slime creature.
You headbutt the slime creature, but do no damage.
The slime creature is lightly wounded.
The slime creature hits you.
You slice the slime creature!! You freeze the slime creature!
You headbutt the slime creature.
The slime creature is severely wounded.
A slime creature comes into view.
The slime creature barely misses you. You furiously retaliate!
You headbutt the slime creature!
Two slime creatures merge to form a very large slime creature.
You feel very mighty all of a sudden.
A slime creature comes into view.
You block the very large slime creature's attack.
Unknown command.
You feel yourself speed up.
The very large slime creature hits you!!
* * * LOW HITPOINT WARNING * * *
You slash the very large slime creature!
You freeze the very large slime creature.
Your headbutt misses the very large slime creature.
The very large slime creature is moderately wounded.
Two slime creatures merge to form an enormous slime creature.
You open the enormous slime creature like a pillowcase!!!
You freeze the enormous slime creature!
You headbutt the enormous slime creature!
The enormous slime creature is heavily wounded.
You barely miss the enormous slime creature.
You headbutt the enormous slime creature!
The enormous slime creature is heavily wounded.
The enormous slime creature hits you!!!
You die...

###
#.#############
#.).....@JJ...#
#.###########.#
#.# #.# #.#
######.#
#......#
#.###########
#.# #........


You could see an enormous slime creature and a slime creature.

Vanquished Creatures
  Frances (D:13)
  Kirke (D:13)
  Agnes (D:14)
  A frost giant (IceCv)
  Nessos (D:14)
  5 hydras
  Harold (D:10)
  An ogre mage (D:14)
  A death knight (D:13)
  5 centaur warriors
  A boulder beetle (Lair:5)
  6 death yaks (Lair:4)
  7 two-headed ogres
  Urug (D:12)
  Sonja (D:13)
  Nergalle (D:12)
  A skeletal warrior (D:13)
  An orange crystal statue (D:10)
  Pikel (D:7)
  2 deep elf pyromancers
  An ugly thing (D:13)
  3 cyclopes
  2 manticores
  An ice statue (IceCv)
  4 black mambas
  2 gargoyles
  10 cane toads
  12 komodo dragons
  5 yaktaurs (D:14)
  2 rime drakes
  Psyche (D:11)
  An efreet (D:8)
  A torpor snail (Lair:3)
  A tengu conjurer (D:14)
  A freezing wraith (D:13)
  7 trolls
  16 polar bears
  A wolf spider simulacrum (D:14)
  A hornet (D:8)
  7 dream sheep
  21 blink frogs
  7 slime creatures
  A vampire (D:9)
  3 wraiths
  54 yaks
  2 hogs (D:13)
  A shadow (D:12)
  The ghost of TODO the Chopper, an amateur HOMo of Okawaru (D:3)
  3 wyverns
  3 basilisks
  2 steam dragons
  5 vampire mosquitoes (D:13)
  2 acid dragons
  17 water moccasins
  3 sky beasts
  3 orc warriors (D:8)
  A black bear (Lair:4)
  4 ice beasts
  42 wolves
  A boggart (D:14)
  4 ogres
  18 centaurs
  2 necrophages (D:6)
  2 lemures (D:7)
  A phantom (D:6)
  5 kobold brigands
  Blork the orc (D:8)
  3 scorpions
  16 bullfrogs
  A gnoll sergeant (D:8)
  A wyvern skeleton (D:7)
  9 killer bees
  The ghost of Sabo the Ducker, a weakling DsGl (D:3)
  2 electric eels (D:10)
  7 wights
  3 howler monkeys
  9 hounds
  7 centaur zombies
  3 gnoll shamans
  3 orc priests
  A centaur skeleton (D:4)
  2 human zombies (Ossuary)
  2 bullfrog skeletons
  2 jellies
  An iguana (D:5)
  5 orc wizards
  5 hell rats (Lair:3)
  A killer bee zombie (D:7)
  2 hound skeletons (D:5)
  5 mummies (Ossuary)
  A howler monkey zombie (D:5)
  8 gnolls (D:7)
  7 adders
  2 shadow imps
  12 white imps (D:12)
  An adder skeleton (D:5)
  3 worms
  2 dart slugs (D:3)
  25 orcs
  4 endoplasms
  A giant cockroach (D:3)
  A gnoll zombie (Ossuary)
  4 goblins
  8 hobgoblins
  7 jackals
  16 kobolds
  2 quokkas
  7 ball pythons
  4 bats
  6 frilled lizards
  A goblin zombie (Ossuary)
  A hobgoblin zombie (Ossuary)
  2 orc zombies (Ossuary)
  2 rats
546 creatures vanquished.

Vanquished Creatures (collateral kills)
  A dream sheep (Lair:3)
  A basilisk (Lair:3)
  3 yaks (Lair:3)
  2 wolves (Lair:3)
7 creatures vanquished.

Vanquished Creatures (others)
  A centaur (D:13)
  An orc wizard (D:4)
  14 fungi
  12 plants
  6 withered plants (D:3)
34 creatures vanquished.

Grand Total: 587 creatures vanquished

Notes
Turn   | Place    | Note
-------+----------+-------------------------------------------
     0 | D:1      | porpoise the Minotaur Berserker began the quest for the
                  | Orb.
     0 | D:1      | Reached XP level 1. HP: 19/19 MP: 0/0
   413 | D:1      | Reached skill level 4 in Axes
   413 | D:1      | Reached XP level 2. HP: 26/27 MP: 1/1
   901 | D:1      | Found a faded altar of an unknown god.
  1550 | D:2      | Reached XP level 3. HP: 34/34 MP: 2/2
  2228 | D:3      | Reached ** piety under Trog
  2384 | D:3      | Found a glowing silver altar of Zin.
  2389 | D:3      | Found a sacrificial altar of Ru.
  2542 | D:3      | Reached XP level 4. HP: 38/41 MP: 3/3
  2546 | D:3      | Reached skill level 5 in Fighting
  2556 | D:3      | Reached skill level 5 in Axes
  2813 | D:3      | Found a runed translucent gate.
  2813 | D:3      | Found a runed translucent gate.
  2813 | D:3      | Found a runed translucent gate.
  2817 | D:3      | Noticed TODO's ghost (amateur HOMo)
  2817 | D:3      | Noticed Sabo's ghost (weakling DsGl)
  3315 | D:4      | Found the +7 Kryia's mail coat {PotionHeal*2 rC+}
  3404 | D:4      | Reached XP level 5. HP: 18/49 MP: 4/4
  4111 | D:4      | Reached skill level 6 in Axes
  4111 | D:4      | Reached XP level 6. HP: 46/58 MP: 5/5
  4404 | D:4      | Reached skill level 7 in Axes
  4954 | D:4      | Reached XP level 7. HP: 66/66 MP: 6/6
  5022 | D:5      | Entered Level 5 of the Dungeon
  5171 | D:5      | Found a sand-covered staircase.
  5189 | Ossuary  | Entered an ossuary
  5716 | D:5      | Reached skill level 8 in Axes
  6271 | D:5      | Reached XP level 8. HP: 77/77 MP: 7/7
  6400 | D:5      | Reached skill level 9 in Axes
  6789 | D:5      | Found an iron altar of Okawaru.
  6984 | D:6      | Reached *** piety under Trog
  7084 | D:6      | Reached skill level 10 in Axes
  7126 | D:6      | Reached skill level 5 in Armour
  7835 | D:6      | Reached XP level 9. HP: 77/83 MP: 8/8
  7916 | D:6      | Found a radiant altar of Vehumet.
  7916 | D:6      | Found a sparkling altar of Nemelex Xobeh.
  8198 | D:7      | Reached skill level 11 in Axes
  8506 | D:7      | Found a staircase to the Ecumenical Temple.
  9505 | D:7      | Noticed Pikel
  9522 | D:7      | Killed Pikel
  9523 | D:7      | Reached skill level 12 in Axes
  9959 | D:7      | Noticed bande's ghost (novice GrFi)
  9960 | D:7      | Found a transporter.
  9964 | D:7      | Found a transporter.
 10250 | D:8      | Paralysed by a hornet for 1 turns
 10368 | D:8      | Noticed Blork the orc
 10378 | D:8      | Reached XP level 10. HP: 61/91 MP: 9/9
 10379 | D:8      | Killed Blork the orc
 10525 | D:8      | Reached **** piety under Trog
 11008 | D:8      | Found a stormy altar of Qazlal.
 11039 | D:8      | Found a shadowy altar of Dithmenos.
 11269 | D:8      | Noticed a two-headed ogre
 11281 | D:8      | Noticed a two-headed ogre
 11300 | D:8      | Killed a two-headed ogre
 11301 | D:8      | Reached skill level 13 in Axes
 11301 | D:8      | Reached skill level 5 in Dodging
 11412 | D:8      | Killed a two-headed ogre
 12289 | D:9      | Reached skill level 14 in Axes
 12529 | D:9      | Found a snail-covered altar of Cheibriados.
 12703 | D:9      | Reached XP level 11. HP: 97/97 MP: 10/10
 13010 | D:10     | Entered Level 10 of the Dungeon
 13104 | D:10     | Noticed Harold
 13113 | D:10     | Killed Harold
 13129 | D:10     | Noticed a two-headed ogre
 13141 | D:10     | Killed a two-headed ogre
 13886 | D:10     | Found a staircase to the Lair.
 13900 | D:10     | Noticed a two-headed ogre
 13911 | D:10     | Killed a two-headed ogre
 13912 | D:10     | Reached skill level 15 in Axes
 13946 | D:10     | Reached skill level 1 in Shields
 14303 | D:10     | Found Zeguv's Specific Store.
 14306 | D:10     | Found Bockyorch's General Store.
 14316 | D:10     | Bought a wand of digging (5) for 234 gold pieces
 14316 | D:10     | Bought a scroll of identify for 26 gold pieces
 14316 | D:10     | Bought a scroll of identify for 26 gold pieces
 14346 | D:10     | Found a shimmering altar of Xom.
 14443 | D:10     | Found a runed translucent door.
 14445 | D:10     | Found a runed translucent door.
 14462 | D:10     | Found a runed translucent door.
 14481 | D:10     | Found a runed translucent door.
 14772 | D:10     | Noticed an orange crystal statue
 14826 | D:10     | Killed an orange crystal statue
 15141 | D:11     | Noticed Psyche
 15234 | D:11     | Killed Psyche
 15436 | D:11     | Found a staircase to the Orcish Mines.
 15503 | D:11     | Reached skill level 5 in Shields
 15758 | D:11     | Noticed an eight-headed hydra
 15766 | D:11     | Killed an eight-headed hydra
 16202 | D:11     | Found a glowing silver altar of Zin.
 16203 | D:11     | Noticed an angel
 16327 | D:11     | Reached skill level 16 in Axes
 16598 | D:12     | Noticed Nergalle
 16614 | D:12     | Killed Nergalle
 16615 | D:12     | Reached skill level 1 in Evocations
 16615 | D:12     | Reached XP level 12. HP: 102/102 MP: 11/11
 16666 | D:12     | Found a frozen archway.
 16701 | IceCv    | Entered an ice cave
 17041 | IceCv    | Reached ***** piety under Trog
 18067 | IceCv    | Noticed a frost giant
 18087 | IceCv    | Killed a frost giant
 18088 | IceCv    | Reached skill level 5 in Evocations
 18753 | D:12     | Noticed Urug
 18761 | D:12     | Killed Urug
 19191 | D:12     | Reached skill level 10 in Fighting
 19782 | D:12     | Noticed a seven-headed hydra
 19789 | D:12     | Killed a seven-headed hydra
 20027 | D:12     | Reached XP level 13. HP: 58/114 MP: 12/12
 20731 | Lair:1   | Entered Level 1 of the Lair of Beasts
 21270 | Lair:1   | Reached skill level 10 in Shields
 21296 | Lair:1   | Found a blossoming altar of Fedhas.
 21651 | Lair:1   | You fall into a shaft and drop 1 floor!
 21914 | Lair:2   | Received a gift from Trog
 21919 | Lair:2   | Found a staircase to the Snake Pit.
 22493 | D:3      | Killed Sabo's ghost
 22494 | D:3      | Killed TODO's ghost
 23122 | Lair:2   | Found a sacrificial altar of Ru.
 23274 | Lair:2   | Found a staircase to the Shoals.
 23904 | Lair:3   | Received a gift from Trog
 24369 | Lair:3   | Reached XP level 14. HP: 95/130 MP: 13/13
 27372 | D:13     | Noticed Sonja
 27384 | D:13     | Killed Sonja
 27833 | D:13     | Reached skill level 17 in Axes
 27964 | D:13     | Noticed Kirke
 27964 | D:13     | Noticed Frances
 27985 | D:13     | Noticed a sphinx
 27988 | D:13     | Killed Frances
 27995 | D:13     | Killed Kirke
 27996 | D:13     | Reached skill level 15 in Shields
 28660 | D:14     | Noticed Nessos
 28679 | D:14     | Killed Nessos
 28679 | D:14     | Reached ****** piety under Trog
 28998 | D:14     | Reached skill level 18 in Axes
 29009 | D:14     | Reached XP level 15. HP: 119/138 MP: 14/14
 29232 | D:14     | Found a gate to the Vaults.
 29445 | D:14     | Noticed Agnes
 29455 | D:14     | Killed Agnes
 29471 | D:14     | Slain by an enormous slime creature

Illustrated notes

Levels and vault maps discovered:
D:1:      amcnicky_arrival_choice, layout_basic, basic_ecumenical_altar,
          minmay_misc_feat_pillars
D:2:      layout_basic
D:3:      layout_basic, jmf_multi_god_temple, gammafunk_ghost_cemetery
D:4:      layout_basic
D:5:      layout_loops_ring, lemuel_coloured_pillars_altar,
          lightli_ossuary_entry_decrepit_ruins, hangedman_decor_slide_cut,
          minmay_misc_feat_cross
D:6:      layout_gridville, gammafunk_temple_overflow_pools
D:7:      layout_loops_cross, minmay_temple_entry_stoned_glass,
          gammafunk_ghost_hive, st_stairs_13, uniq_pikel
D:8:      minmay_chambers_of_sixes, layout_loops_ring,
          nicolae_qazlal_general_emergency, nicolae_dithmenos_shadow_blocks,
          chequers_mini_garden, minivault_1, chequers_serial_rivers_small_b,
          sword_in_stone
D:9:      layout_rooms, lemuel_round_altar
D:10:     layout_basic, kennysheep_mini, erik_lair_island,
          roderic_roman_lattice, nicolae_specific_store,
          minmay_statue_crystal_thing, uniq_harold
D:11:     layout_loops_ring, orc_0_dummy, zin_angel, uniq_psyche
D:12:     layout_grid_maze, serial_rivers, chequers_serial_rivers_room_b,
          chequers_serial_rivers_small_b, chequers_serial_rivers_room_b,
          chequers_serial_rivers_room_a, portal_ice_cave_entry_imps,
          uniq_nergalle, uniq_urug
D:13:     layout_roguey, uniq_sonja, uniq_kirke, uniq_frances
D:14:     layout_basic, hangedman_vaults_entry_quadrant_bands, fountainhead,
          uniq_agnes, uniq_nessos
Lair:1:   layout_hall_layers, hangedman_tree_tricks, beast_lair_carwin_6,
          grunt_megastairs_5
Lair:2:   layout_chaotic_city, minmay_shoals_entry_centaurs,
          guppyfry_snake_entry_island, basic_altar, st_stairs_4
Lair:3:   layout_loops_ring, gauntlet_entry_generic, minivault_24,
          beast_lair_carwin_3
Lair:4:   layout_gridlike, serial_bayou_shore_b, infiniplex_staircase_pool,
          lemuel_fruit_tree, grunt_megastairs_4
Lair:5:   layout_layer_cave, serial_bayou_shore_b

Skill      XL: |  1  2  3  4  5  6  7  8  9 10 11 12 13 14 |
---------------+-------------------------------------------+-----
Fighting       | 4 5 6 7 8 9 10 13 14 | 14.0
Axes           | 4 5 6 7 8 10 12 14 16 18 | 18.5
Armour         | 6 9 |  9.0
Dodging        | 3 7 9 |  9.2
Shields        | 6 9 12 15 | 15.0
Evocations     | 1 7 |  7.0

Action                   |  1- 3 |  4- 6 |  7- 9 | 10-12 | 13-15 || total
-------------------------+-------+-------+-------+-------+-------++-------
Melee: Hand axe          |   116 |    63 |   135 |       |       ||   314
       Headbutt          |    17 |    17 |    69 |   135 |   162 ||   400
       War axe           |       |       |   154 |   492 |       ||   646
       Morningstar       |       |       |       |     9 |    13 ||    22
       Unarmed           |       |       |       |     2 |       ||     2
       Battleaxe         |       |       |       |    53 |   101 ||   154
       Executioner's axe |       |       |       |       |   279 ||   279
       Broad axe         |       |       |       |       |   177 ||   177
 Fire: Hunting sling     |    14 |    54 |    78 |    63 |    31 ||   240
Throw: Dart              |     2 |     1 |       |     9 |       ||    12
       Stone             |       |       |       |       |     1 ||     1
Invok: Berserk           |       |     1 |     2 |    24 |     6 ||    33
       Trog's Hand       |       |       |       |     2 |     1 ||     3
       Brothers in Arms  |       |       |       |       |     1 ||     1
Evoke: Wand              |       |       |       |     5 |     4 ||     9
  Use: Scroll            |       |     6 |    14 |    10 |     4 ||    34
       Potion            |       |     1 |       |     3 |     4 ||     8
 Stab: Paralysed         |       |       |       |       |     2 ||     2
Armor: Animal skin       |     6 |       |       |       |       ||     6
       Ring mail         |    26 |     2 |       |       |       ||    28
       Scale mail        |       |    24 |   145 |   347 |   247 ||   763
Dodge: Dodged            |    57 |    32 |   101 |   330 |   360 ||   880
Block: Kite shield       |       |       |       |       |   113 ||   113

Table legend: (Time is in decaauts)
 A = Elapsed time spent in this place.
 B = Non-inter-level travel time spent in this place.
 C = Inter-level travel time spent in this place.
 D = Time resting spent in this place.
 E = Time spent auto-exploring this place.
 F = Levels seen in this place.
 G = Mean time per level.
                   A        B        C        D        E       F      G
               +--------+--------+--------+--------+--------+-----+--------+
         Total |  29602 |  28337 |   1265 |  12452 |  11504 |  21 | 1409.6 |
       Dungeon |  21281 |  20275 |   1006 |   9441 |   8134 |  14 | 1520.1 |
          Lair |   5863 |   5604 |    259 |   1545 |   3026 |   5 | 1172.6 |
       Ossuary |    495 |    495 |      0 |    245 |      0 |   1 |  495.0 |
      Ice Cave |   1962 |   1962 |      0 |   1220 |    344 |   1 | 1962.0 |
               +--------+--------+--------+--------+--------+-----+--------+

Top non-repeatable levels by time:
    D:10: 2445 daAuts
    D:12: 2217 daAuts
     D:8: 2152 daAuts
     D:7: 2068 daAuts
   IceCv: 1962 daAuts
     D:4: 1811 daAuts
     D:3: 1435 daAuts
  Lair:1: 1408 daAuts
    D:11: 1377 daAuts
     D:5: 1369 daAuts
     D:6: 1328 daAuts
  Lair:5: 1286 daAuts
    D:13: 1130 daAuts
    D:14: 1128 daAuts
     D:1: 1112 daAuts
